 Dungeon Crawl Stone Soup version 0.31.0-7-gf635a9b802 (webtiles) character file.

Game seed: 6263474080070510428

312 Bananatron the Changeling (level 6, -4/46 HPs)
             Began as a Merfolk Shapeshifter on Jan 23, 2024.
             Was a Believer of Fedhas.
             Slain by a gnoll
             ... wielding a +0 spear
             ... led by a gnoll bouda
              (5 damage)
             ... on level 4 of the Dungeon.
             The game lasted 00:48:29 (3195 turns).

Bananatron the Changeling (Merfolk Shapeshifter)    Turns: 3195, Time: 00:48:31

Health: -4/46      AC:  4    Str: 16    XL:     6   Next: 42%
Magic:  6/6        EV: 13    Int: 10    God:    Fedhas [**....]
Gold:   169        SH:  0    Dex: 13    Spells: 5/5 levels left

rFire   . .          .
                       - Unarmed
rCold   . . .        (no shield)
rNeg    . . .        x - +2 robe {Will+}
rPois   .            (helmet currently unavailable)
rElec   .            (cloak currently unavailable)
rCorr   .            (gloves currently unavailable)
SInv    .            (boots currently unavailable)
Will    +....        (no amulet)
Stlth   +            (no ring)
HPRegen 0.27/turn    (no ring)
MPRegen 0.10/turn

%: no passive effects
@: beast-form
A: beast (slay +3), (nimble swimmer 2), mertail
a: Begin Untransformation, Renounce Religion, Wall of Briars


You were on level 4 of the Dungeon.
You worshipped Fedhas.
Fedhas was pleased with you.
You were a hulking beast.
You visited 1 branch of the dungeon, and saw 4 of its levels.

You collected 169 gold pieces.

Inventory:

Hand Weapons
 g - a +0 short sword
 q - a +0 flail of protection
 y - a +4 dagger
 z - a +4 vampiric dagger
 D - a +1 vampiric trident
Missiles
 r - a throwing net (quivered)
 t - 12 poisoned darts
Armour
 a - a +0 animal skin
 e - a +0 ring mail
 i - a +0 robe
 j - a +0 cloak
 s - an orb of light
 x - a +2 robe of willpower (worn)
Magical Staves
 o - a staff of air
Talismans
 c - a beast talisman
 d - a flux talisman
Wands
 v - a wand of roots (9)
 w - a wand of flame (22)
Scrolls
 h - a scroll of vulnerability {unknown}
 k - 8 scrolls of identify
 l - 3 scrolls of teleportation
 p - a scroll of noise {unknown}
 B - a scroll of revelation {unknown}
 C - a scroll of enchant weapon {unknown}
 E - a scroll of enchant armour {unknown}
Potions
 b - a potion of lignification
 f - 3 potions of curing
 m - a potion of degeneration {unknown}
 n - a potion of enlightenment {unknown}
 A - a potion of attraction {unknown}


   Skills:
 - Level 2.5 Fighting
 + Level 4.2 Dodging
 * Level 5.2 Unarmed Combat
 * Level 6.0 Shapeshifting


You had 5 spell levels left.
You didn't know any spells.
Your spell library contained the following spells:

 Spells                   Type           Power      Damage    Failure   Level
 Apportation              Tloc           0%         N/A       36%         1
 Magic Dart               Conj           0%         1d3       36%         1
 Blink                    Tloc           0%         N/A       50%         2
 Call Imp                 Summ           0%         N/A       50%         2
 Jinxbite                 Hex            0%         N/A       50%         2
 Alistair's Intoxication  Alch           0%         N/A       100%        5


Dungeon Overview and Level Annotations

Branches:
Dungeon (4/15)
 Temple: D:4-7

Altars:
Fedhas

Annotations:
D:2 Natasha
D:4 Pikel


Innate Abilities, Weirdness & Mutations

You are a hulking beast.
Your limbs bulge with bestial killing power. (Slay +3)
((You are very nimble when in or above water. (Stealth+, EV+, Speed+++)))
Your lower body shifts to a powerful aquatic tail in water.


Message History

Fedhas appreciates your contribution to the ecosystem.
The howler monkey closely misses you. The gnoll barely misses you.
The gnoll hits you from afar with a +0 spear!
Your Shapeshifting skill increases to level 6!
You feel much better. The howler monkey hits you.
The gnoll hits you from afar with a +0 spear.
The gnoll barely misses you. The ball python closely misses you.
The ball python barely misses you. The howler monkey hits you.
The ball python attacks as it pursues you!
The ball python bites you but does no damage.
The ball python grabs you. The ball python constricts you.
The howler monkey hoots and howls with incredible vigour!
You hear a shout!
You hit the ball python.
The ball python is severely wounded.
The ball python barely misses you. The ball python constricts you.
The gnoll barely misses you.
You barely miss the ball python.
The ball python is severely wounded.
The ball python bites you but does no damage.
The ball python constricts you.
The gnoll hits you from afar with a +0 spear.
The howler monkey hits you.
The gnoll hits you from afar with a +0 spear.
* * * LOW HITPOINT WARNING * * *
You hit the ball python.
You kill the ball python!
Fedhas appreciates your contribution to the ecosystem.
You can now encircle yourself with summoned briar patches.
The howler monkey hits you.
* * * LOW HITPOINT WARNING * * *
The gnoll misses you. The gnoll closely misses you.
The gnoll attacks as it pursues you!
The gnoll hits you from afar with a +0 spear.
* * * LOW HITPOINT WARNING * * *
An orc comes into view. It is wielding a +0 short sword.
The gnoll attacks as it pursues you!
The gnoll hits you from afar with a +0 spear.
You die...
Fedhas appreciates your contribution to the ecosystem.

..........).......#
##....#
.................##
.>...#
####............##
#.....# #........<..##
#..#
#.[.........####..#
#..........###...#
#...............#
##..............#
#......#....h..# .
###..###.....hg###
##.#
######..####g).###....
##..## ##....o....
##..## #..)...##.
##..## ##....## ##..##
#.....# ##...#
#.$##..# ##...## #..#
#.#


You could see a howler monkey, 2 gnolls and an orc.

Vanquished Creatures
  A gnoll bouda (D:4)
  An orc priest (D:4)
  Jessica (D:3)
  2 orc wizards
  Robin (D:3)
  4 gnolls
  3 adders
  2 dart slugs
  A ribbon worm (D:2)
  9 orcs
  7 endoplasms
  2 giant cockroaches
  12 goblins
  7 hobgoblins
  4 jackals (D:2)
  4 quokkas
  5 ball pythons
  4 bats
  3 frilled lizards
  7 kobolds
  4 rats
84 creatures vanquished.

Notes
Turn   | Place    | Note
-------+----------+-------------------------------------------
     0 | D:1      | Bananatron the Merfolk Shapeshifter began the quest for the
                  | Orb.
     0 | D:1      | Reached XP level 1. HP: 15/15 MP: 1/1
    66 | D:1      | You fall into a shaft and drop 1 floor!
   104 | D:2      | Reached XP level 2. HP: 14/21 MP: 2/2
   232 | D:1      | Reached XP level 3. HP: 25/26 MP: 3/3
   980 | D:2      | Reached XP level 4. HP: 16/33 MP: 4/4
  1231 | D:2      | Reached skill level 5 in Shapeshifting
  1276 | D:2      | Noticed Natasha
  1589 | D:3      | Reached XP level 5. HP: 36/38 MP: 5/5
  1847 | D:3      | Noticed Jessica
  1851 | D:3      | Killed Jessica
  1942 | D:3      | Noticed Robin
  2103 | D:3      | Found a faded altar of an unknown god.
  2111 | D:3      | Prayed at the altar of an unknown god.
  2111 | D:3      | Became a worshipper of Fedhas Madash
  2111 | D:3      | Reached * piety under Fedhas
  2204 | D:3      | Killed Robin
  2897 | D:4      | Reached skill level 5 in Unarmed Combat
  2897 | D:4      | Reached XP level 6. HP: 22/46 MP: 6/6
  3082 | D:4      | Noticed Pikel
  3190 | D:4      | Reached skill level 6 in Shapeshifting
  3194 | D:4      | Reached ** piety under Fedhas
  3195 | D:4      | HP: 1/46 [gnoll/+0 spear[a gnoll bouda] (6)]
  3195 | D:4      | Slain by a gnoll

Illustrated notes

Levels and vault maps discovered:
D:1:      mainiacjoe_arrival_oval_in_oval, layout_rooms,
          minmay_misc_feat_plants, minmay_heptomino_l4
D:2:      layout_loops_ring, uniq_natasha
D:3:      layout_loops_corners, shapermc_ecumenical_altar_flowoftime,
          hangedman_abyss_or_decor_stabs, uniq_jessica, uniq_robin
D:4:      layout_layer_cave, minitemple, serial_shops, nicolae_shop_statue_plus,
          serial_library_regret_index_small_wings, skrybe_limestone_x,
          columned_hall_lemuel, guppyfry_early_orc_mine, uniq_pikel,
          uniq_duvessa

Skill      XL: |  1  2  3  4  5  6 |
---------------+-------------------+-----
Dodging        | 3 4 |  4.2
Unarmed Combat | 4 5 |  5.2
Fighting       | 2 |  2.5
Shapeshifting  | 5 6 |  6.0

Action                     |  1- 3 |  4- 6 || total
---------------------------+-------+-------++-------
  Melee: Unarmed           |    83 |   164 ||   247
         Punch             |     6 |     6 ||    12
    Use: Potion            |     1 |     4 ||     5
         Scroll            |       |     2 ||     2
   Stab: Sleeping          |     2 |       ||     2
 Armour: Animal skin       |    27 |    20 ||    47
         Robe              |       |    83 ||    83
  Dodge: Dodged            |    46 |   123 ||   169
